 Dungeon Crawl Stone Soup version 0.30-b1-2-g02819fbbbe (webtiles) character file.

Game seed: 9486332532341447423

1652 nightchill the Cleaver (level 8, -5/75 HPs)
             Began as a Minotaur Fighter on Jan 14, 2024.
             Was an Elder of Dithmenos.
             Slain by an iguana (8 damage)
             ... on level 6 of the Dungeon.
             The game lasted 00:07:04 (4528 turns).

nightchill the Cleaver (Minotaur Fighter)           Turns: 4528, Time: 00:07:05

Health: -5/75      AC:  6    Str: 22    XL:     8   Next: 68%
Magic:  7/7        EV:  9    Int:  5    God:    Dithmenos [****..]
Gold:   246        SH:  4    Dex: 11    Spells: 7/7 levels left

rFire   + . .        a - +0 war axe
rCold   + . .        c - +0 buckler
rNeg    . . .        b - +0 scale mail
rPois   .            (helmet restricted)
rElec   .            G - scarf {rC+ rF+}
rCorr   .            (no gloves)
SInv    .            (no boots)
Will    .....        (no amulet) Stlth
                     (no ring)
HPRegen 0.32/turn    (no ring)
MPRegen 0.10/turn

%: no passive effects
@: wreathed by umbra
A: horns 2, retaliatory headbutt
a: Renounce Religion, Shadow Step


You were on level 6 of the Dungeon.
You worshipped Dithmenos.
Dithmenos was greatly pleased with you.
You visited 1 branch of the dungeon, and saw 6 of its levels.
You also visited: Sewer.

You collected 246 gold pieces.

Inventory:

Hand Weapons
 a - a +0 war axe (weapon)
Armour
 b - a +0 scale mail (worn)
 c - a +0 buckler (worn)
 G - a scarf of resistance (worn)
Jewellery
 e - a +6 ring of dexterity
 m - a ring of fire
Wands
 y - a wand of polymorph (13)
 D - a wand of roots (3)
Scrolls
 g - a scroll of butterflies {unknown}
 h - 4 scrolls of teleportation {unknown}
 i - 2 scrolls of immolation {unknown}
 k - a scroll of amnesia {unknown}
 l - 3 scrolls of identify {unknown}
 p - 2 scrolls of fear {unknown}
 s - a scroll of fog {unknown}
 t - a scroll of poison {unknown}
 v - a scroll of torment {unknown}
 w - a scroll of noise {unknown}
 z - 2 scrolls of blinking {unknown}
 E - a scroll of silence {unknown}
 F - a scroll of enchant weapon {unknown}
Potions
 d - 3 potions of might
 f - 2 potions of cancellation {unknown}
 j - 2 potions of mutation {unknown}
 n - a potion of magic {unknown}
 o - 2 potions of brilliance {unknown}
 q - 3 potions of heal wounds {unknown}
 r - a potion of resistance {unknown}
 u - a potion of flight {unknown}
 x - a potion of ambrosia {unknown}
 A - 2 potions of lignification {unknown}
 B - 4 potions of curing {unknown}
 C - a potion of degeneration {unknown}


   Skills:
 + Level 8.4 Fighting
 * Level 11.1 Axes
 - Level 3.6 Armour
 - Level 3.6 Shields


You had 7 spell levels left.
You didn't know any spells.
Your spell library contained the following spells:

 Spells                   Type           Power      Damage    Failure   Level
 Sting                    Tmut/Pois      0%         1d3       86%         1
 Poisonous Vapours        Pois/Air       0%         N/A       95%         2
 Olgreb's Toxic Radiance  Pois           0%         N/A       100%        4
 Summon Lightning Spire   Summ/Air       0%         N/A       100%        4
 Storm Form               Tmut/Air       0%         N/A       100%        7
 Maxwell's Capacitive Co  Air            0%         ∞         100%        8


Dungeon Overview and Level Annotations

Branches:
Dungeon (6/15)             Temple (0/1) D:5           Sewer (visited)

Altars:
Ashenzari
Dithmenos
Ru
Uskayaw
Zin


Innate Abilities, Weirdness & Mutations

You have a pair of horns on your head.
You reflexively headbutt those who attack you in melee.


Message History

You slash the sky beast!
The sky beast is heavily wounded.
The sky beast flickers out of sight!
Deactivating autopickup; reactivate with Ctrl-A.
Something hits you.
* * * LOW HITPOINT WARNING * * *
Something shocks you.
* * * LOW HITPOINT WARNING * * *
You miss something.
Your shadow hits something with a war axe!
Something hits you.
* * * LOW HITPOINT WARNING * * *
Something shocks you.
* * * LOW HITPOINT WARNING * * *
You barely miss something. Your headbutt misses something.
Something hits you but does no damage.
You closely miss something. Something hits you but does no damage.
Okay, then.
You hit something. You headbutt something. Something hits you.
* * * LOW HITPOINT WARNING * * *
Something shocks you.
* * * LOW HITPOINT WARNING * * *
You miss something. Something hits you but does no damage.
You barely miss something. Something hits you.
* * * LOW HITPOINT WARNING * * *
Something shocks you.
* * * LOW HITPOINT WARNING * * *
You slice something!! Dithmenos accepts your kill.
Reactivating autopickup.
You feel a bit more experienced.
Your Axes skill increases to level 11!
You hit the iguana.
The iguana is moderately wounded.
The iguana bites you.
* * * LOW HITPOINT WARNING * * *
You closely miss the iguana.
The iguana is moderately wounded.
The iguana bites you!
You die...

.. #.....### #.
##...## ..
#..#... ##.
##.####. #..
#..#..## #.#
##)##.. . #.###
#..#..#..
##...###
##.##.)..#
#..#@lO#
#...#.#..#
##.####...#
###...#### #..#
#.#...#.###...#.
## ##.##
..##.##...###...
. #..# ..#
.#..#...###. #.
####.## ..##
##.####...#.
#.##.....# ..
#...).###...
#....###...###
##.##....##.#
#######.##
##...# #..#
.#..#..#


You could see an ogre and an iguana.

Vanquished Creatures
  Eustachio (D:5)
  A steam dragon (D:6)
  A water moccasin (D:6)
  2 black bears
  A sky beast (D:6)
  2 ogres
  A bullfrog (D:5)
  A scorpion (D:5)
  7 jellies
  4 hounds
  A gnoll bouda (D:4)
  3 sleepcaps
  3 orc wizards (D:5)
  3 gnolls (D:4)
  2 adders
  3 river rats (Sewer)
  An ufetubus (D:5)
  3 worms
  4 dart slugs
  12 orcs
  16 endoplasms
  6 giant cockroaches
  9 goblins
  7 hobgoblins
  3 kobolds
  6 quokkas
  13 ball pythons
  7 bats
  8 frilled lizards
  6 rats
137 creatures vanquished.

Notes
Turn   | Place    | Note
-------+----------+-------------------------------------------
     0 | D:1      | nightchill the Minotaur Fighter began the quest for the
                  | Orb.
     0 | D:1      | Reached XP level 1. HP: 19/19 MP: 0/0
    62 | D:1      | Reached skill level 3 in Axes
   102 | D:1      | Reached XP level 2. HP: 10/27 MP: 1/1
   309 | D:1      | Found a faded altar of an unknown god.
   313 | D:1      | Prayed at the altar of an unknown god.
   313 | D:1      | Became a worshipper of Dithmenos the Shadowed
   313 | D:1      | Reached * piety under Dithmenos
   508 | D:2      | Reached XP level 3. HP: 30/33 MP: 2/2
   738 | D:2      | Reached skill level 4 in Axes
  1198 | D:2      | Reached ** piety under Dithmenos
  1276 | D:3      | Found a glowing drain.
  1331 | Sewer    | Entered a sewer
  1369 | Sewer    | Reached XP level 4. HP: 32/41 MP: 3/3
  1448 | Sewer    | Reached skill level 5 in Axes
  1524 | Sewer    | Reached XP level 5. HP: 37/47 MP: 4/4
  1526 | Sewer    | Reached skill level 5 in Fighting
  1672 | Sewer    | Found a viscous altar of Jiyva.
  1717 | Sewer    | Reached skill level 6 in Axes
  2059 | D:3      | Reached *** piety under Dithmenos
  2178 | D:3      | Found a hide-covered altar of Uskayaw.
  2646 | D:4      | Reached XP level 6. HP: 53/56 MP: 5/5
  2688 | D:4      | Found a broken altar of Ashenzari.
  2825 | D:4      | Reached skill level 7 in Axes
  2912 | D:4      | Identified the +1 robe of Infinity {rC+}
  3233 | D:4      | Found a sacrificial altar of Ru.
  3279 | D:5      | Entered Level 5 of the Dungeon
  3282 | D:5      | Noticed Eustachio
  3284 | D:5      | Reached XP level 7. HP: 55/63 MP: 6/6
  3306 | D:5      | Killed Eustachio
  3307 | D:5      | Reached skill level 8 in Axes
  3444 | D:5      | Found a staircase to the Ecumenical Temple.
  3578 | D:5      | Found a glowing silver altar of Zin.
  3593 | D:5      | Reached skill level 9 in Axes
  3672 | D:5      | Reached **** piety under Dithmenos
  3807 | D:5      | Reached XP level 8. HP: 7/73 MP: 7/7
  4217 | D:6      | Reached skill level 10 in Axes
  4527 | D:6      | Reached skill level 11 in Axes
  4527 | D:6      | HP: 3/75 [iguana (3)]
  4528 | D:6      | Slain by an iguana

Illustrated notes

Levels and vault maps discovered:
D:1:      dpeg_arrival_stonehenge_8_columns, layout_rooms,
          hellmonk_ecumenical_altar_heavens_door
D:2:      layout_loops_corners
D:3:      layout_loops_ring, nicolae_overflow_hidden_temple,
          portal_sewer_entry_f, st_stairs_1
D:4:      layout_basic, lemuel_tele_altar, mainiacjoe_overflow_paths
D:5:      layout_rooms, amcnicky_altar_gilded, temple_pool_b, uniq_eustachio
D:6:      minmay_skewed_foursquare, layout_basic

Skill      XL: |  1  2  3  4  5  6  7  8 |
---------------+-------------------------+-----
Axes           | 3 4 5 6 7 9 11 | 11.1
Fighting       | 4 5 6 7 8 |  8.4
Armour         | |  3.6
Shields        | |  3.6

Action                     |  1- 3 |  4- 6 |  7- 9 || total
---------------------------+-------+-------+-------++-------
  Melee: War axe           |    66 |   122 |   104 ||   292
         Headbutt          |     4 |    16 |    22 ||    42
 Armour: Scale mail        |    22 |    51 |    46 ||   119
  Dodge: Dodged            |    34 |    70 |    68 ||   172
  Block: Buckler           |    19 |    28 |    27 ||    74
